 Dungeon Crawl Stone Soup version 0.29.0-4-gdea44cf6ec (webtiles) character file.

Game seed: 16923481756399781422

134 qw the Chopper (level 5, 0/30 HPs)
             Began as a Tengu Warper on Aug 28, 2022.
             Slain by Edmund
             ... wielding a +6 vorpal dire flail
              (2 damage)
             ... on level 4 of the Dungeon.
             The game lasted 00:00:14 (2562 turns).

qw the Chopper (Tengu Warper)                       Turns: 2562, Time: 00:00:15

Health: 0/30       AC:  6    Str: 13    XL:     5   Next: 17%
Magic:  9/9        EV: 13    Int: 13    God:
Gold:   134        SH:  0    Dex: 14    Spells: 8/8 levels left

rFire   . . .      SeeInvis .   Y - +0 hand axe
rCold   . . .      Faith    .   (no shield)
rNeg    . . .      Spirit   .   g - +0 ring mail
rPois   .          Reflect  .   (helmet restricted)
rElec   .          Harm     .   b - +0 cloak
rCorr   .          Rampage  .   (no gloves)
Will    .....                   (boots unavailable)
Stlth   +.........              (no amulet)
HPRegen 0.10/turn               (no ring)
MPRegen 0.11/turn               (no ring)

@: flying quickly and evasively, quick
A: beak, talons 3, nimble flight
a: no special abilities


You were on level 4 of the Dungeon.
You visited 1 branch of the dungeon, and saw 4 of its levels.

You collected 134 gold pieces.


Innate Abilities, Weirdness & Mutations

You have a beak for a mouth.
You have claws for feet.
Your magical nature lets you fly swiftly and evasively.


   Skills:
 - Level 2.0 Fighting
 + Level 5.7 Axes
 - Level 1.0 Throwing
 - Level 1.1 Armour
 - Level 2.1 Dodging
 - Level 2.0 Spellcasting
 - Level 2.4 Translocations


You had 8 spell levels left.
You didn't know any spells.
Your spell library contained the following spells:

 Spells                   Type           Power      Damage    Failure   Level
 Blink                    Tloc           14%        N/A       30%         2
 Gell's Gravitas          Tloc           7%         N/A       52%         3
 Lesser Beckoning         Tloc           7%         N/A       52%         3
 Teleport Other           Tloc           7%         N/A       52%         3
 Manifold Assault         Tloc           7%         N/A       99%         5

Inventory:

Hand Weapons
 a - a +0 flail
 Y - a +0 hand axe (weapon)
Missiles
 c - 4 boomerangs (quivered)
Armour
 b - a +0 cloak (worn)
 e - a +0 chain mail
 g - a +0 ring mail (worn)
Scrolls
 m - a scroll of enchant weapon {unknown}
Potions
 d - a potion of heal wounds {unknown}
 f - 3 potions of curing
 h - a potion of resistance {unknown}
 i - a potion of might {unknown}
 j - a potion of haste {unknown}
 k - 2 potions of mutation {unknown}
 l - a potion of flight {unknown}
 n - a potion of ambrosia {unknown}

Dungeon Overview and Level Annotations

Branches:
Dungeon (4/15)
 Temple: D:4-7

Altars:
Hepliaklqana
Sif Muna
Trog
Zin

Annotations:
D:4 Edmund


Message History

Press: ? - help, Q - select action Shift-Dir - straight line, f/p - endoplasm You throw a boomerang.
The boomerang hits the endoplasm!
You kill the endoplasm!
m - a scroll labelled OVVUJU BIOVVA
k - 2 viscous black potions (gained 1)
n - a smoky coppery potion You see here a +0 club.
Found a stone staircase leading up.
Enter note: You now have 134 gold pieces (gained 8).
Edmund the Younger comes into view.
He is wielding a +6 vorpal dire flail.
Edmund shouts!
Enter note: Throw: 4 boomerangs
Press: ? - help, Q - select action Shift-Dir - straight line, f - Edmund You throw a boomerang.
The boomerang barely misses Edmund.
Throw: 4 boomerangs
Press: ? - help, Q - select action Shift-Dir - straight line, f/p - Edmund You throw a boomerang.
The boomerang hits Edmund.
Edmund is lightly wounded.
Throw: 4 boomerangs
Press: ? - help, Q - select action Shift-Dir - straight line, f/p - Edmund You throw a boomerang.
The boomerang hits Edmund.
Edmund is lightly wounded.
You barely miss Edmund. Your peck misses Edmund.
Edmund is lightly wounded.
Edmund hits you with a +6 vorpal dire flail.
You hit Edmund. You peck Edmund.
Edmund is moderately wounded.
Edmund barely misses you.
You barely miss Edmund. Your kick misses Edmund.
Edmund is moderately wounded.
Edmund hits you with a +6 vorpal dire flail!
You hit Edmund. Your kick misses Edmund. Your peck misses Edmund.
Edmund is moderately wounded.
Edmund misses you.
You barely miss Edmund. You peck Edmund.
Edmund is heavily wounded.
Edmund hits you with a +6 vorpal dire flail!
You die...

.............###.......#
.###.####.##...........#
.# #.#..<..............#
.# #.#.#.#.............#
.# #.# #.........#######
.# #.# #.#.#.....# .#
#.# #.#.#.....########
.. ...
.................. .#
#.#.#.#.#....@..######
.# #.#.#.#.#..@#.# .
#.#.#...#..# ##
#.#.#...##..# #...# #.#
#### ..=.+ .# ....
##...# .# #### #...#


You could see Edmund.

Vanquished Creatures
  4 gnolls (D:3)
  3 adders (D:2)
  2 dart slugs
  7 orcs
  5 ball pythons
  6 endoplasms
  A giant cockroach (D:2)
  4 hobgoblins
  2 jackals (D:1)
  7 kobolds
  A quokka (D:2)
  5 bats
  3 frilled lizards
  4 goblins
  5 rats
59 creatures vanquished.

Notes
Turn   | Place    | Note
-------+----------+-------------------------------------------
     0 | D:1      | qw the Tengu Warper began the quest for the Orb.
     0 | D:1      | Reached XP level 1. HP: 12/12 MP: 4/4
     0 | D:1      | 0 ||| qw: Version: 0.1-a-89-g26bdef1
     0 | D:1      | 0 ||| qw: Game counter: 1576
     0 | D:1      | 0 ||| qw: Always use a shield: true
     0 | D:1      | 0 ||| qw: God list: Okawaru
     0 | D:1      | 0 ||| qw: Allow faded altars: false
     0 | D:1      | 0 ||| qw: Do Orc after D:15 true
     0 | D:1      | 0 ||| qw: Do second Lair branch before Depths: true
     0 | D:1      | 0 ||| qw: Lair rune preference: random
     0 | D:1      | 0 ||| qw: Plans: Normal
     0 | D:1      | 0 ||| PLANNING D:1-11
   117 | D:1      | Reached XP level 2. HP: 17/17 MP: 6/6
   125 | D:1      | Reached skill level 3 in Axes
   188 | D:1      | 188 ||| Stepping ~*~*~tactically~*~*~ (hiding).
   189 | D:1      | 189 ||| Stepping ~*~*~tactically~*~*~ (hiding).
   572 | D:1      | Found a faded altar of an unknown god.
   813 | D:1      | 813 ||| UPGRADING to +0 ring mail.
   823 | D:1      | 823 ||| DROPPING +0 leather armour.
   824 | D:1      | 824 ||| DRINKING 2 green potions.
   825 | D:1      | 825 ||| DROPPING scroll of blinking.
   935 | D:2      | Found a glowing silver altar of Zin.
   955 | D:2      | Reached XP level 3. HP: 21/21 MP: 7/7
  1039 | D:2      | Reached skill level 4 in Axes
  1142 | D:2      | 1142 ||| DROPPING +0 club.
  1629 | D:2      | 1629 ||| UPGRADING to +0 cloak.
  1634 | D:2      | 1634 ||| READING scroll labelled WOFOZU KISYMAY.
  1635 | D:2      | 1635 ||| READING scroll labelled QIOGHI FARI.
  1652 | D:3      | 1652 ||| STAIRDANCE
  1660 | D:2      | Reached XP level 4. HP: 23/26 MP: 8/8
  1760 | D:3      | 1760 ||| Stepping ~*~*~tactically~*~*~ (stealth).
  1781 | D:3      | 1781 ||| DROPPING +0 whip.
  1807 | D:3      | 1807 ||| Stepping ~*~*~tactically~*~*~ (stealth).
  1816 | D:3      | Reached skill level 5 in Axes
  1825 | D:3      | Gained mutation: Your magical nature lets you fly swiftly
                  | and evasively. [Tengu growth]
  1825 | D:3      | Reached XP level 5. HP: 13/30 MP: 9/9
  2013 | D:3      | 2013 ||| Stepping ~*~*~tactically~*~*~ (stealth).
  2268 | D:3      | Found a hazy altar of Hepliaklqana.
  2268 | D:3      | Found a shimmering blue altar of Sif Muna.
  2342 | D:3      | 2342 ||| Stepping ~*~*~tactically~*~*~ (stealth).
  2358 | D:3      | 2358 ||| READING scroll labelled RIAVYL EMUNK.
  2419 | D:4      | Found a bloodstained altar of Trog.
  2553 | D:4      | Noticed Edmund
  2562 | D:4      | HP: 2/30 [Edmund/+6 vorpal dire flail (9)]
  2562 | D:4      | Slain by Edmund

Levels and vault maps discovered:
D:1:      lemuel_arrival_lava_pool, layout_loops_cross,
          hellmonk_ecumenical_altar_leap_of_faith, minmay_tromino_v4_c
D:2:      layout_loops_ring, basic_altar
D:3:      layout_basic, gammafunk_temple_overflow_pools
D:4:      layout_basic, mainiacjoe_overflow_six_doors_small,
          lemuel_crystal_altar, uniq_edmund, uniq_pikel

Skill      XL: |  1  2  3  4 |
---------------+-------------+-----
Axes           | 3 4 5 |  5.7
Fighting       | |  2.0
Throwing       | |  1.0
Armour         | |  1.1
Dodging        | |  2.1
Spellcasting   | |  2.0
Translocations | |  2.4

Action                   |  1- 3 |  4- 6 || total
-------------------------+-------+-------++-------
Melee: Hand axe          |    52 |    51 ||   103
       Peck              |     8 |     6 ||    14
       Kick              |    11 |    13 ||    24
       Punch             |       |     3 ||     3
Throw: Boomerang         |    17 |    34 ||    51
  Use: Potion            |     1 |       ||     1
       Scroll            |     2 |     1 ||     3
Armor: Leather armour    |     8 |       ||     8
       Ring mail         |    10 |    10 ||    20
Dodge: Dodged            |    30 |    31 ||    61

Table legend:
 A = Non-vault XP
 B = Vault XP
 C = Vault XP percentage of total XP
 D = Non-vault monster count
 E = Vault monster count
 F = Vault count percentage of total count
                 A         B        C        D         E       F
            +---------+---------+-------+---------+---------+-------
      Total |     189 |       3 |   1.6 |      57 |       2 |   3.4
            +---------+---------+-------+---------+---------+-------
        D:1 |      23 |       3 |  11.5 |      14 |       2 |  12.5
        D:2 |      62 |       0 |   0.0 |      17 |       0 |   0.0
        D:3 |      95 |       0 |   0.0 |      22 |       0 |   0.0
        D:4 |       9 |       0 |   0.0 |       4 |       0 |   0.0
            +---------+---------+-------+---------+---------+-------
